General information
- name: BNet
- type: Ladder team game (AT/RT)
- host: Battle.net
- saver: Kunt.roII
map: Goldshire
- players: 4
- length: 105:41
- speed: Fast
- version: 1.23 W3XP
- replay type: Public
» download(607 KB)
Players
team 1 (winner)
Kunt.roII (
purple | 82 APM | 8683 actions | 105:41)
6 Blademaster
3 Wind Walk
2 Critical Strike
1 Bladestorm
4 Shadow Hunter
2 Hex
2 Healing Wave
» actions
| Assign group hotkey | 154 | |
| Basic commands | 112 | |
| Build / train | 113 | |
| ESC pressed | 14 | |
| Enter build submenu | 54 | |
| Enter hero's abilities submenu | 10 | |
| Give item / drop item | 12 | |
| Remove unit from queue | 1 | |
| Right click | 4140 | |
| Select / deselect | 488 | |
| Select group hotkey | 2959 | |
| Use ability | 626 | |
8683 total
» units
| Peon | 13 | |
| Goblin Shredder | 3 | |
| Troll Batrider | 25 | |
| Demolisher | 2 | |
| Troll Witch Doctor | 2 | |
| Spirit Walker | 2 | |
| Shaman | 2 | |
| Troll Headhunter/Berserker | 3 | |
52 total
» upgrades
| Liquid Fire | 1 | |
| Ranged Weapons | 1 | |
| Reinforced Defenses | 1 | |
| Troll Regeneration | 1 | |
| Burning Oil | 1 | |
| Witch Doctor Training | 2 | |
| Shaman Training | 2 | |
| Spirit Walker Training | 2 | |
| Berserker Strength | 1 | |
12 total
» buildings
| Altar of Storms | 1 | |
| Orc Burrow | 5 | |
| Voodoo Lounge | 2 | |
| War Mill | 2 | |
| Watch Tower | 37 | |
| Stronghold | 2 | |
| Fortress | 1 | |
| Beastiary | 2 | |
| Spirit Lodge | 1 | |
| Barracks | 1 | |
54 total
» build order
00:11 Altar of Storms
00:21 Orc Burrow
00:58 Voodoo Lounge
01:23 War Mill
01:57 Orc Burrow
02:37 Watch Tower
03:12 Watch Tower
03:44 Watch Tower
04:03 Stronghold
04:03 Stronghold
04:07 Watch Tower
04:23 Watch Tower
04:30 Watch Tower
05:15 Watch Tower
05:18 Watch Tower
06:06 Watch Tower
06:10 Orc Burrow
06:53 Fortress
06:55 Beastiary
09:19 Beastiary
10:11 Watch Tower
10:12 Watch Tower
10:15 Watch Tower
10:48 Voodoo Lounge
11:33 Watch Tower
13:15 Spirit Lodge
13:17 Watch Tower
13:20 Watch Tower
13:22 Watch Tower
15:48 Orc Burrow
15:50 Orc Burrow
16:04 Watch Tower
16:17 Watch Tower
16:19 Watch Tower
18:16 Watch Tower
18:18 Watch Tower
18:30 Watch Tower
20:20 War Mill
22:38 Barracks
24:59 Watch Tower
25:00 Watch Tower
25:03 Watch Tower
25:05 Watch Tower
26:24 Watch Tower
26:29 Watch Tower
26:41 Watch Tower
27:23 Watch Tower
27:23 Watch Tower
27:24 Watch Tower
27:44 Watch Tower
27:45 Watch Tower
28:25 Watch Tower
28:26 Watch Tower
95:12 Watch Tower
» items
| Lesser Clarity Potion | 6 | |
| Healing Salve | 3 | |
| Scroll of Speed | 2 | |
| Boots of Speed | 2 | |
| Staff of Teleportation | 3 | |
| Circlet of Nobility | 2 | |
| Dust of Appearance | 1 | |
| Orb of Lightning | 2 | |
| Staff of Sanctuary | 3 | |
| Potion of Lesser Invulnerability | 3 | |
27 total
MrFrosty (
green | 79 APM | 8357 actions | 105:38)
7 Archmage
3 Blizzard
3 Brilliance Aura
1 Mass Teleport
8 Mountain King
3 Storm Bolt
3 Bash
1 Avatar
1 Thunder Clap
7 Paladin
3 Holy Light
3 Divine Shield
1 Devotion Aura
5 Blademaster
2 Critical Strike
2 Mirror Image
1 Bladestorm
1 Shadow Hunter
1 Serpent Ward
2 Goblin Alchemist
1 Healing Spray
1 Chemical Rage
» actions
| Assign group hotkey | 30 | |
| Basic commands | 154 | |
| Build / train | 156 | |
| ESC pressed | 19 | |
| Enter build submenu | 62 | |
| Enter hero's abilities submenu | 28 | |
| Give item / drop item | 9 | |
| Right click | 4355 | |
| Select / deselect | 1570 | |
| Select group hotkey | 1234 | |
| Use ability | 740 | |
8357 total
» units
| Peasant | 16 | |
| Priest | 6 | |
| Sorceress | 7 | |
| Dragonhawk Rider | 1 | |
| Mortar Team | 3 | |
| Flying Machine | 1 | |
| Gryphon Rider | 1 | |
35 total
» upgrades
| Masonry | 3 | |
| Magic Sentry | 1 | |
| Lumber Harvesting | 1 | |
| Sorceress Training | 2 | |
| Priest Training | 2 | |
| Cloud | 1 | |
| Flare | 1 | |
| Fragmentation Shards | 1 | |
| Gunpowder | 1 | |
| Flying Machine Bombs | 1 | |
14 total
» buildings
| Altar of Kings | 1 | |
| Farm | 11 | |
| Scout Tower | 64 | |
| Lumber Mill | 1 | |
| Arcane Tower | 14 | |
| Guard Tower | 28 | |
| Keep | 1 | |
| Arcane Sanctum | 1 | |
| Castle | 1 | |
| Arcane Vault | 2 | |
| Town Hall | 1 | |
| Gryphon Aviary | 1 | |
| Blacksmith | 1 | |
| Workshop | 3 | |
130 total
» build order
00:06 Altar of Kings
00:19 Farm
00:54 Scout Tower
01:02 Lumber Mill
01:23 Arcane Tower
01:40 Scout Tower
01:51 Farm
02:07 Arcane Tower
02:08 Scout Tower
02:39 Guard Tower
02:42 Scout Tower
03:12 Guard Tower
03:13 Scout Tower
03:14 Scout Tower
03:41 Guard Tower
04:12 Scout Tower
04:16 Scout Tower
04:18 Keep
04:45 Arcane Tower
05:04 Farm
06:22 Scout Tower
06:24 Scout Tower
06:51 Arcane Tower
06:58 Arcane Sanctum
07:17 Guard Tower
07:18 Scout Tower
07:54 Farm
08:00 Guard Tower
08:02 Scout Tower
08:03 Scout Tower
09:28 Guard Tower
09:29 Castle
09:40 Scout Tower
09:44 Scout Tower
10:03 Scout Tower
10:04 Scout Tower
10:12 Guard Tower
10:13 Guard Tower
11:05 Guard Tower
11:23 Arcane Tower
11:37 Arcane Vault
11:37 Arcane Vault
11:44 Scout Tower
11:51 Scout Tower
11:52 Scout Tower
13:09 Town Hall
13:11 Scout Tower
13:15 Farm
13:41 Guard Tower
13:43 Guard Tower
13:59 Guard Tower
15:07 Guard Tower
16:41 Scout Tower
17:53 Guard Tower
19:18 Scout Tower
19:20 Scout Tower
19:22 Scout Tower
19:53 Arcane Tower
19:54 Guard Tower
19:56 Scout Tower
20:00 Scout Tower
20:17 Guard Tower
20:27 Guard Tower
20:49 Scout Tower
20:52 Scout Tower
21:01 Guard Tower
22:07 Arcane Tower
22:09 Guard Tower
27:34 Scout Tower
28:02 Scout Tower
28:05 Guard Tower
28:29 Scout Tower
28:33 Arcane Tower
28:38 Scout Tower
29:01 Guard Tower
29:17 Guard Tower
29:38 Scout Tower
29:49 Scout Tower
30:22 Scout Tower
30:24 Scout Tower
31:33 Guard Tower
37:29 Scout Tower
37:29 Scout Tower
37:30 Scout Tower
37:31 Scout Tower
37:32 Scout Tower
37:33 Scout Tower
37:35 Scout Tower
37:36 Scout Tower
37:37 Scout Tower
37:38 Scout Tower
37:40 Scout Tower
37:43 Scout Tower
37:45 Scout Tower
38:46 Arcane Tower
38:47 Guard Tower
40:25 Arcane Tower
40:28 Guard Tower
41:27 Scout Tower
41:28 Scout Tower
41:29 Scout Tower
41:30 Scout Tower
42:01 Scout Tower
42:02 Scout Tower
42:02 Scout Tower
42:03 Scout Tower
42:54 Arcane Tower
42:55 Guard Tower
43:02 Arcane Tower
43:04 Guard Tower
43:06 Gryphon Aviary
43:11 Scout Tower
43:13 Scout Tower
43:13 Scout Tower
43:14 Scout Tower
43:21 Scout Tower
43:23 Scout Tower
44:36 Arcane Tower
44:38 Guard Tower
46:03 Arcane Tower
83:44 Blacksmith
84:19 Workshop
84:19 Workshop
84:20 Workshop
86:32 Farm
86:33 Farm
86:34 Farm
86:35 Farm
86:36 Farm
86:36 Farm
» items
| Staff of Teleportation | 3 | |
| Boots of Speed | 3 | |
| Periapt of Vitality | 1 | |
| Healing Salve | 1 | |
| Orb of Lightning | 3 | |
| Staff of Sanctuary | 3 | |
| Potion of Lesser Invulnerability | 1 | |
| Tome of Retraining | 4 | |
19 total
team 2 (loser)
catking[J] (
red | 148 APM | 15635 actions | 105:38)
5 Death Knight
3 Death Coil
1 Unholy Aura
1 Death Pact
2 Lich
1 Frost Nova
1 Frost Armor
1 Crypt Lord
1 Impale
» actions
| Assign group hotkey | 89 | |
| Basic commands | 20 | |
| Build / train | 157 | |
| Enter build submenu | 26 | |
| Enter hero's abilities submenu | 9 | |
| Right click | 7902 | |
| Select / deselect | 4173 | |
| Select group hotkey | 2890 | |
| Use ability | 369 | |
15635 total
» units
| Acolyte | 18 | |
| Ghoul | 4 | |
| Crypt Fiend | 16 | |
| Obsidian Statue | 3 | |
| Goblin Shredder | 1 | |
| Frost Wyrm | 16 | |
58 total
» upgrades
| Burrow | 1 | |
| Web | 1 | |
| Destroyer Form | 1 | |
| Freezing Breath | 1 | |
| Creature Carapace | 3 | |
| Creature Attack | 3 | |
10 total
» buildings
| Crypt | 1 | |
| Graveyard | 2 | |
| Altar of Darkness | 1 | |
| Ziggurat | 10 | |
| Tomb of Relics | 1 | |
| Nerubian Tower | 4 | |
| Halls of the Dead | 5 | |
| Spirit Tower | 3 | |
| Black Citadel | 2 | |
| Slaughterhouse | 1 | |
| Sacrificial Pit | 1 | |
| Boneyard | 2 | |
33 total
» build order
00:06 Crypt
00:09 Graveyard
00:36 Altar of Darkness
00:37 Ziggurat
01:15 Tomb of Relics
01:50 Ziggurat
02:00 Nerubian Tower
02:00 Nerubian Tower
02:00 Nerubian Tower
03:43 Ziggurat
04:13 Halls of the Dead
04:13 Halls of the Dead
04:13 Halls of the Dead
04:53 Ziggurat
05:46 Spirit Tower
06:08 Ziggurat
06:49 Black Citadel
06:49 Black Citadel
07:06 Slaughterhouse
08:22 Sacrificial Pit
11:06 Boneyard
11:35 Ziggurat
11:41 Boneyard
13:06 Ziggurat
16:24 Ziggurat
16:57 Ziggurat
21:01 Ziggurat
21:02 Spirit Tower
21:03 Spirit Tower
62:49 Graveyard
» items
| Rod of Necromancy | 11 | |
| Dust of Appearance | 7 | |
| Orb of Corruption | 1 | |
| Scroll of Town Portal | 1 | |
| Sacrificial Skull | 2 | |
| Scroll of Healing | 1 | |
| Potion of Lesser Invulnerability | 1 | |
| Lesser Clarity Potion | 3 | |
| Potion of Healing | 1 | |
28 total
Qva (
blue | 94 APM | 9952 actions | 105:38)
4 Blademaster
2 Wind Walk
2 Critical Strike
3 Shadow Hunter
2 Hex
1 Healing Wave
1 Pit Lord
1 Rain of Fire
» actions
| Assign group hotkey | 72 | |
| Basic commands | 398 | |
| Build / train | 139 | |
| ESC pressed | 5 | |
| Enter build submenu | 128 | |
| Enter hero's abilities submenu | 8 | |
| Give item / drop item | 11 | |
| Remove unit from queue | 4 | |
| Right click | 4375 | |
| Select / deselect | 2304 | |
| Select group hotkey | 1909 | |
| Use ability | 594 | |
9952 total
» units
| Peon | 30 | |
| Grunt | 3 | |
| Raider | 7 | |
| Troll Batrider | 9 | |
| Goblin Shredder | 1 | |
| Demolisher | 11 | |
| Troll Witch Doctor | 5 | |
| Shaman | 2 | |
68 total
» upgrades
| Ensnare | 1 | |
| Reinforced Defenses | 1 | |
| Backpack | 1 | |
| Liquid Fire | 1 | |
| Armor | 2 | |
| Spiked Barricades | 3 | |
| Burning Oil | 1 | |
| Ranged Weapons | 1 | |
| Witch Doctor Training | 2 | |
| Shaman Training | 2 | |
15 total
» buildings
| Altar of Storms | 1 | |
| Orc Burrow | 4 | |
| Barracks | 4 | |
| Voodoo Lounge | 3 | |
| Stronghold | 1 | |
| War Mill | 3 | |
| Fortress | 1 | |
| Beastiary | 2 | |
| Great Hall | 2 | |
| Watch Tower | 93 | |
| Spirit Lodge | 1 | |
115 total
» build order
00:07 Altar of Storms
00:21 Orc Burrow
00:55 Barracks
01:27 Voodoo Lounge
01:44 Orc Burrow
03:19 Stronghold
04:11 Orc Burrow
05:06 War Mill
06:06 Fortress
06:15 Beastiary
06:17 Beastiary
07:36 Orc Burrow
07:55 Great Hall
09:14 Great Hall
13:24 Watch Tower
13:27 Watch Tower
13:29 Watch Tower
13:31 Watch Tower
13:34 Watch Tower
13:35 Watch Tower
14:27 Watch Tower
14:29 Watch Tower
14:42 Watch Tower
14:52 Watch Tower
14:53 Watch Tower
15:06 Watch Tower
15:07 Watch Tower
15:09 Watch Tower
15:10 Watch Tower
15:31 Watch Tower
15:40 Watch Tower
15:46 Watch Tower
15:49 Watch Tower
15:54 Watch Tower
15:56 Watch Tower
16:16 Watch Tower
16:50 Watch Tower
18:16 Watch Tower
18:19 Watch Tower
18:42 Watch Tower
18:52 Watch Tower
18:59 Watch Tower
19:36 Watch Tower
19:50 Watch Tower
19:51 Watch Tower
19:58 Watch Tower
20:07 Watch Tower
20:22 Watch Tower
20:44 Watch Tower
20:53 Watch Tower
21:16 Watch Tower
21:21 Watch Tower
21:41 Watch Tower
21:44 Watch Tower
21:49 Watch Tower
21:53 Watch Tower
22:09 Watch Tower
22:30 Watch Tower
22:43 Watch Tower
22:53 Watch Tower
22:55 Watch Tower
22:56 Watch Tower
23:09 Watch Tower
23:25 Watch Tower
23:27 Watch Tower
23:34 Watch Tower
23:47 Watch Tower
24:02 Watch Tower
24:39 Watch Tower
24:42 Watch Tower
24:43 Watch Tower
25:06 Watch Tower
25:07 Watch Tower
25:13 Watch Tower
25:19 Watch Tower
25:40 Watch Tower
25:55 Voodoo Lounge
25:58 Voodoo Lounge
26:02 Watch Tower
26:03 Watch Tower
26:05 Watch Tower
26:17 Watch Tower
26:20 Watch Tower
26:22 Watch Tower
27:02 War Mill
27:21 Watch Tower
27:42 War Mill
28:08 Barracks
28:35 Watch Tower
28:40 Watch Tower
29:37 Watch Tower
29:39 Watch Tower
29:49 Watch Tower
30:21 Watch Tower
30:28 Watch Tower
30:29 Watch Tower
30:35 Barracks
30:37 Barracks
31:28 Watch Tower
31:44 Watch Tower
32:31 Watch Tower
32:42 Watch Tower
32:58 Watch Tower
33:39 Watch Tower
33:46 Watch Tower
34:26 Watch Tower
34:39 Watch Tower
36:15 Watch Tower
38:17 Spirit Lodge
40:36 Watch Tower
40:38 Watch Tower
43:05 Watch Tower
43:09 Watch Tower
45:38 Watch Tower
46:06 Watch Tower
» items
| Circlet of Nobility | 1 | |
| Dust of Appearance | 1 | |
| Boots of Speed | 6 | |
| Healing Salve | 4 | |
| Lesser Clarity Potion | 9 | |
| Scroll of Speed | 3 | |
| Tiny Great Hall | 1 | |
| Orb of Lightning | 3 | |
| Staff of Teleportation | 1 | |
| Potion of Lesser Invulnerability | 5 | |
| Potion of Invisibility | 1 | |
| Potion of Healing | 1 | |
36 total
Chat log
(00:16 / All) Kunt.roII: Gl n HF
(00:23 / All) Kunt.roII: manner game please
(27:36 / All) Qva: 萬里長城阿
(27:38 / All) Kunt.roII:
(27:46 / All) catking[J]: happy?
(27:49 / All) Kunt.roII:
(51:26 / All) Kunt.roII: Feed him blue
(51:26 / All) Kunt.roII: feed
(51:57 / Allies) Kunt.roII: so gay
(55:20 / All) Kunt.roII: WHAT TASK IS THERE
(55:22 / All) Kunt.roII: OHHHH
(55:23 / All) catking[J]: zz
(55:27 / All) Kunt.roII: I AM YOURS
(55:35 / All) MrFrosty: more wyrms is defintely the answer
(55:35 / All) Kunt.roII: YES MLORD
(55:41 / All) MrFrosty: dont even worry about anything else
(56:18 / All) MrFrosty: our last opponents made the game fun
(56:24 / All) MrFrosty: you have made it less fun
(56:27 / All) Kunt.roII: you arent good enough tbqh
(56:34 / All) Kunt.roII: i forgive u
(57:29 / All) Kunt.roII: you have 2 options
(57:35 / All) Kunt.roII: keep up your terrible harass
(57:39 / All) Kunt.roII: and slowly lose
(57:47 / All) Kunt.roII: or wait a long time then mass up 200 food army and attackmove
(57:49 / All) Kunt.roII: and then lose
(57:56 / All) Kunt.roII: CHOOSE YOUR OWN ADVENTURE
(58:34 / All) MrFrosty: neither option will lead to what you wish it would fyi
(60:13 / All) MrFrosty: sorry about your pitlord
(64:43 / All) MrFrosty: so how much gold did you guys waste on towers?
(64:54 / All) Qva: GG
(64:58 / All) MrFrosty: 2 e z
(66:38 / All) Kunt.roII: Cheat Enabled
(67:47 / All) MrFrosty: good idea, halls arent worth anythinf
(76:31 / All) Kunt.roII: U guys are clowns
(80:31 / All) Kunt.roII: bnice heroes
(81:29 / All) MrFrosty: 2 e z noobs
(82:44 / All) MrFrosty: 2 e z
(82:48 / All) Kunt.roII: 2ez
(94:46 / All) MrFrosty: 2 e z noobs
(94:59 / All) MrFrosty: ps. purple couldnt see what was going on for half the game